 Dungeon Crawl Stone Soup version 0.29.1-15-g9cfb28693d (webtiles) character file.

Game seed: 16418557107900521182

1140 safid the Chiller (level 8, 0/64 HPs)
             Began as a Merfolk Ice Elementalist on Apr 3, 2023.
             Slain by a gnoll
             ... wielding a +0 halberd
             ... led by a gnoll bouda
              (12 damage)
             ... on level 5 of the Dungeon.
             The game lasted 00:12:49 (5374 turns).

safid the Chiller (Merfolk Ice Elementalist)        Turns: 5374, Time: 00:12:49

Health: 0/64       AC:  6    Str:  8    XL:     8   Next: 37%
Magic:  16/16      EV: 16    Int: 17    God:
Gold:   338        SH:  0    Dex: 14    Spells: 10/17 levels left

rFire   . . .      SeeInvis .   h - +0 short sword
rCold   . . .      Faith    .   (no shield)
rNeg    . . .      Spirit   .   a - +0 robe
rPois   +          Reflect  .   (no helmet)
rElec   .          Harm     .   (no cloak)
rCorr   .          Rampage  .   l - +1 pair of gloves
Will    .....                   C - +1 pair of boots
Stlth   ++........              f - amulet of magic regeneration
HPRegen 0.20/turn               t - ring of poison resistance
MPRegen 0.55/turn               B - +4 ring of evasion

@: no status effects
A: (nimble swimmer 2), mertail
a: no special abilities


You were on level 5 of the Dungeon.
You visited 1 branch of the dungeon, and saw 5 of its levels.
You also visited: Sewer.

You collected 338 gold pieces.

Inventory:

Hand Weapons
 h - a +0 short sword (weapon)
Missiles
 D - a throwing net
Armour
 a - a +0 robe (worn)
 l - a +1 pair of gloves (worn)
 C - a +1 pair of boots (worn)
Jewellery
 f - an amulet of magic regeneration (around neck)
 t - a ring of poison resistance (left hand)
 z - a ring of ice
 B - a +4 ring of evasion (right hand)
Wands
 F - a wand of roots (5)
Scrolls
 c - 3 scrolls of magic mapping {unknown}
 d - a scroll of vulnerability {unknown}
 e - a scroll of silence {unknown}
 g - 3 scrolls of teleportation {unknown}
 i - 3 scrolls of torment {unknown}
 j - 2 scrolls of fog {unknown}
 q - a scroll of acquirement {unknown}
 u - 4 scrolls of identify {unknown}
 x - a scroll of noise {unknown}
 y - a scroll of enchant weapon {unknown}
 E - a scroll of amnesia {unknown}
Potions
 b - 3 potions of magic
 k - a potion of haste {unknown}
 m - 3 potions of invisibility {unknown}
 n - 4 potions of heal wounds {unknown}
 o - 2 potions of curing {unknown}
 p - 2 potions of degeneration {unknown}
 r - 2 potions of ambrosia {unknown}
 s - 2 potions of flight {unknown}
 v - a potion of attraction {unknown}
 w - a potion of brilliance {unknown}
 A - 2 potions of mutation {unknown}
 G - 2 potions of might {unknown}


   Skills:
 + Level 5.8 Fighting
 - Level 2.6 Dodging
 - Level 2.1 Stealth
 + Level 5.4 Spellcasting
 + Level 7.5 Ice Magic


You had 10 spell levels left.
You knew the following spells:

 Your Spells              Type           Power      Damage    Failure   Level
a - Freeze                Ice            100%       1d11      1%          1
b - Frozen Ramparts       Ice            60%        1d10      1%          3
c - Ozocubu's Armour      Ice            30%        N/A       1%          3

Your spell library contained the following spells:

 Spells                   Type           Power      Damage    Failure   Level
 Hailstorm                Conj/Ice       17%        3d6       28%         4
 Summon Forest            Summ/Tloc      2%         N/A       98%         5
 Eringya's Noxious Bog    Tmut/Pois      2%         N/A       100%        6
 Summon Hydra             Summ           2%         N/A       100%        7


Dungeon Overview and Level Annotations

Branches:
Dungeon (5/15)              Sewer (visited)
 Temple: D:4-7

Altars:
Kikubaaqudgha
Ru
Xom

Annotations:
D:3 Grinder


Innate Abilities, Weirdness & Mutations

((You are very nimble when in or above water. (Stealth+, EV+, Speed+++)))
Your lower body shifts to a powerful aquatic tail in water.


Message History

Casting: Frozen Ramparts (safe; 1% risk of failure)
Press: ? - help, Dir - look around, f - activate The walls around you are covered in ice.
The gnoll shouts! x2; You hear a shout!
The wall freezes the gnoll.
The gnoll throws a throwing net.
The throwing net hits you.
You become entangled in the net!
The wall freezes the gnoll.
Unknown command.
Unknown command.
The wall freezes the gnoll. x2; The gnoll barely misses you.
A gnoll bouda comes into view. It is wielding a +4 whip.
The wall freezes the gnoll!
You kill the gnoll!
The wall freezes the gnoll.
The gnoll hits you with a +0 club.
The wall freezes the gnoll bouda.
The wall freezes the gnoll.
The gnoll hits you with a +0 club.
The wall freezes the gnoll bouda.
The wall freezes the gnoll!
You kill the gnoll!
The wall freezes the gnoll bouda but does no damage.
The gnoll bouda barks out a call to the hunt!
You hear a shout!
Unknown command.
The wall freezes the gnoll bouda!
The gnoll bouda hits you with a +4 whip!
The wall freezes the gnoll bouda.
You kill the gnoll bouda!
The frozen ramparts melt away.
A gnoll comes into view. It is wielding a +0 halberd.
You struggle against the net.
The gnoll hits you from afar with a +0 halberd!
You struggle against the net.
The gnoll hits you from afar with a +0 halberd!
You struggle against the net.
The gnoll hits you but does no damage.
You struggle against the net.
The gnoll hits you from afar with a +0 halberd!
* * * LOW HITPOINT WARNING * * *
You rip the net and break free!
The gnoll barely misses you.
The gnoll hits you from afar with a +0 halberd!
You die...

..# # #...........
### ## ###.##........
#.. ...........⌠...
#.# ####.#.........
#.# #.#......... #.#
#.#.....###. #.#
#####.#..##.# #.
###.###........##.#
#.
#....@.(###.#.###.#
#. .....#g#######.#.#
#.# #. .##
#)).........###.###.
.)....###...........
######...........####
#############


You could see a gnoll (swift).

Vanquished Creatures
  2 ogres (D:4)
  A phantom (D:5)
  2 necrophages (D:4)
  4 crimson imps (D:3)
  2 orc priests (D:5)
  4 jellies (Sewer)
  A gnoll bouda (D:5)
  2 hounds (D:5)
  An iguana (D:4)
  Natasha (thrice) (D:3)
  8 adders
  6 gnolls
  A river rat (D:5)
  An ufetubus (D:5)
  3 worms (D:2)
  2 dart slugs (D:1)
  3 orcs
  13 ball pythons
  4 bats
  12 endoplasms
  7 giant cockroaches
  3 goblins
  12 hobgoblins
  2 jackals (D:4)
  8 quokkas
  9 frilled lizards
  9 kobolds
  14 rats
139 creatures vanquished.

Vanquished Creatures (others)
  10 plants (D:1)
10 creatures vanquished.

Grand Total: 149 creatures vanquished

Notes
Turn   | Place    | Note
-------+----------+-------------------------------------------
     0 | D:1      | safid the Merfolk Ice Elementalist began the quest for the
                  | Orb.
     0 | D:1      | Reached XP level 1. HP: 13/13 MP: 3/3
    70 | D:1      | Reached XP level 2. HP: 10/20 MP: 0/5
   251 | D:1      | Reached skill level 1 in Fighting
   434 | D:1      | Reached XP level 3. HP: 8/26 MP: 1/6
  1595 | D:2      | Learned a level 3 spell: Frozen Ramparts
  1599 | D:2      | Learned a level 3 spell: Ozocubu's Armour
  1669 | D:2      | Reached skill level 5 in Ice Magic
  1696 | D:2      | Reached XP level 4. HP: 33/33 MP: 5/8
  2384 | D:2      | Reached XP level 5. HP: 39/39 MP: 7/9
  2883 | D:3      | Noticed Natasha
  2891 | D:3      | Killed Natasha
  2930 | D:3      | Noticed Natasha
  2938 | D:3      | Killed Natasha
  3098 | D:3      | Noticed Natasha
  3104 | D:3      | Killed Natasha
  3151 | D:3      | Found a shimmering altar of Xom.
  3154 | D:3      | Reached XP level 6. HP: 47/47 MP: 8/11
  3170 | D:3      | Reached skill level 6 in Ice Magic
  3316 | D:3      | Noticed Grinder
  3455 | D:3      | Found a sacrificial altar of Ru.
  3611 | D:4      | Reached XP level 7. HP: 25/54 MP: 3/13
  4262 | D:4      | Found an ancient bone altar of Kikubaaqudgha.
  4687 | D:5      | Entered Level 5 of the Dungeon
  4697 | D:5      | Reached skill level 5 in Fighting
  4699 | D:5      | Reached skill level 7 in Ice Magic
  4807 | D:5      | Reached skill level 5 in Spellcasting
  4807 | D:5      | Reached XP level 8. HP: 49/62 MP: 15/15
  4926 | D:5      | Found a glowing drain.
  4946 | Sewer    | Entered a sewer
  5121 | Sewer    | Found a viscous altar of Jiyva.
  5374 | D:5      | Slain by a gnoll

Illustrated notes

Levels and vault maps discovered:
D:1:      spicycebolla_arrival_clurvy, layout_loops_ring
D:2:      layout_basic, minmay_goblin_kobold_house
D:3:      layout_rooms, nicolae_ru_path_of_blood, led_xom_imps,
          chequers_serial_rivers_room_b, item_on_display_a, uniq_grinder,
          uniq_natasha
D:4:      layout_basic, nicolae_kikubaaqudgha_miasma_corner
D:5:      cheibrodos_barr_body, layout_loops_ring, portal_sewer_entry_a,
          dreamdust_wishing_well, grunt_decor_one_mirror, uniq_pikel

Skill      XL: |  1  2  3  4  5  6  7 |
---------------+----------------------+-----
Fighting       | 1 2 3 4 5 |  5.8
Ice Magic      | 5 6 7 |  7.5
Spellcasting   | 3 4 5 |  5.4
Dodging        | |  2.6
Stealth        | |  2.1

Action                   |  1- 3 |  4- 6 |  7- 9 || total
-------------------------+-------+-------+-------++-------
Melee: Unarmed           |     3 |       |       ||     3
       Short sword       |    31 |    82 |    90 ||   203
       Punch             |       |       |     4 ||     4
       Tailslap          |       |       |     5 ||     5
 Cast: Freeze            |    67 |    38 |    46 ||   151
       Frozen Ramparts   |       |     9 |    12 ||    21
       Ozocubu's Armour  |       |     2 |     4 ||     6
 Stab: Sleeping          |     1 |     1 |     3 ||     5
Armor: Robe              |    17 |    30 |    40 ||    87
Dodge: Dodged            |    53 |    61 |    84 ||   198
